Inferno vs Monarchs
Created - March 16, 2021 at 19:59
Goals
|
| Inferno |
2 |
1 |
0 |
0 |
3 |
| Monarchs |
1 |
2 |
0 |
1 |
4 |
|
Shots
|
| Inferno |
8 |
20 |
15 |
0 |
43 |
| Monarchs |
10 |
16 |
3 |
1 |
30 |
|
1st period
1. Monarchs , Daultan Leveillé 27 (Alex Iafallo 27, Ryan Hartman 22) at 0:28
2. Inferno , Tanner Pearson 46 (Bryan Rust 37, David Savard 32) at 9:55
3. Inferno , Matthew Nieto 22 (Philip Varone 34) at 17:22
Penalties :
Evgeny Svechnikov (Anc) for Hooking (Minor) at 18:11
2nd period
4. Monarchs , Teemu Hartikainen 12 (Henrik Samuelsson 27) at 0:41
5. Monarchs , Riley Armstrong 10 (Mikko Rantanen 30, Max Domi 28) at 3:31 (PP)
6. Inferno , Philip Varone 37 (Esa Lindell 51, Matthew Nieto 20) at 11:01 (PP)
Penalties :
Mathieu Brodeur (Anc) for Diving (Minor) at 2:14, Josh Manson (MAN) for Roughing (Double Minor) at 9:34, Matt Roy (MAN) for Hooking (Minor) at 13:35, Matthew Nieto (Anc) for Hooking (Minor) at 14:45, Greg Pateryn (Anc) for Holding Stick (Minor) at 19:54
3rd period
No Goal
Penalties :
Joel Vermin (MAN) for Tripping (Minor) at 4:15, Alex Iafallo (MAN) for Hooking (Minor) at 9:41, Ryan Spooner (Anc) for Elbowing (Minor) at 15:37
Overtime #1
7. Monarchs , Riley Armstrong 11 (Max Domi 29) at 0:11
Penalties :
No Penalty
Goalie Stats
Michael Hutchinson (Anc), 26 saves from 30 shots - (0.867), OTL, 24-9-8, 60:11 minutes
Jake Allen (MAN), 40 saves from 43 shots - (0.930), W, 14-7-1, 60:11 minutes
Players Stats for Inferno
Player Name G A P +/- PIM S H SB GA TA FO MP PP MP PK MP
------------------------------------------------------------------------------------
Bryan Rust 0 1 1 1 0 2 0 0 0 1 0/0 18:29 0:00 4:08
Colby Cohen 0 0 0 0 0 0 0 2 0 1 0/0 13:28 0:00 2:42
David Savard 0 1 1 0 0 4 1 0 0 1 0/0 28:03 5:12 4:37
Esa Lindell 0 1 1 0 0 4 2 1 1 0 0/0 28:03 5:12 4:37
Evgeny Svechnikov 0 0 0 0 2 0 1 0 1 0 0/0 16:23 3:32 0:00
Frank Corrado 0 0 0 0 0 0 1 0 0 0 0/0 11:30 0:00 1:02
Greg Pateryn 0 0 0 -1 2 2 0 1 1 0 0/0 19:03 3:22 1:05
Jake DeBrusk 0 0 0 -1 0 2 1 0 0 0 1/2 12:04 0:00 2:34
Kevin Labanc 0 0 0 -1 0 2 0 0 1 0 1/1 12:51 4:51 0:00
Mathieu Brodeur 0 0 0 -1 2 1 0 1 0 0 0/0 20:37 3:22 2:45
Matthew Nieto 1 1 2 0 2 5 0 0 0 1 1/1 17:26 3:31 1:18
Peter Cehlarik 0 0 0 0 0 1 0 0 0 0 0/0 6:09 0:00 0:15
Philip Varone 1 1 2 0 0 3 3 0 0 0 10/21 18:49 3:32 2:32
Ryan Spooner 0 0 0 0 2 1 0 0 0 0 2/4 6:19 0:00 0:22
Tanner Pearson 1 0 1 0 0 10 1 1 1 1 0/0 20:27 5:02 0:09
Tyler Shattock 0 0 0 0 0 0 1 0 0 0 0/0 6:51 0:11 0:06
Victor Rask 0 0 0 -1 0 2 1 0 0 0 5/8 10:45 0:00 1:44
Vladimir Sobotka 0 0 0 0 0 4 3 1 1 3 16/37 24:09 5:02 3:40
Players Stats for Monarchs
Player Name G A P +/- PIM S H SB GA TA FO MP PP MP PK MP
------------------------------------------------------------------------------------
Alex Iafallo 0 1 1 0 2 3 1 0 1 0 1/1 16:17 3:43 0:32
Daultan Leveillé 1 0 1 0 0 3 1 1 2 0 9/20 18:39 4:27 2:28
Griffin Reinhart 0 0 0 0 0 0 1 2 1 0 0/0 19:53 4:29 3:26
Henrik Samuelsson 0 1 1 1 0 2 1 1 0 0 4/7 11:30 0:44 0:00
Jeff Petry 0 0 0 0 0 1 0 2 0 2 0/0 19:53 4:29 3:26
Joel Vermin 0 0 0 1 2 0 1 0 0 1 1/1 12:09 0:43 0:00
Jordan Greenway 0 0 0 0 0 1 1 0 0 0 0/0 5:52 0:30 0:00
Josh Anderson 0 0 0 0 0 0 1 0 0 0 0/0 5:14 0:10 0:00
Josh Manson 0 0 0 1 4 3 2 1 0 2 0/0 26:15 3:11 2:45
Kurtis Macdermid 0 0 0 0 0 0 1 1 0 0 0/0 12:28 0:00 1:51
Matt Roy 0 0 0 0 2 0 0 0 0 0 0/0 5:48 1:37 0:32
Max Domi 0 2 2 0 0 3 0 1 1 0 2/3 23:27 2:58 5:30
Mike Amadio 0 0 0 0 0 0 0 0 0 0 1/2 7:14 0:00 0:50
Mikko Rantanen 0 1 1 -1 0 3 0 1 0 1 2/2 20:07 3:41 2:28
Nikita Zadorov 0 0 0 1 0 1 3 0 0 0 0/0 25:38 3:11 4:58
Riley Armstrong 2 0 2 0 0 4 2 2 1 0 17/37 22:37 2:58 5:20
Ryan Hartman 0 1 1 0 0 0 0 0 2 0 1/1 15:12 3:40 0:00
Teemu Hartikainen 1 0 1 1 0 4 2 1 0 0 0/0 11:41 0:45 0:00
Zach Werenski 0 0 0 0 0 2 0 1 0 0 0/0 11:23 0:44 0:10
3 Stars
1 - Riley Armstrong (MAN)
2 - Philip Varone (Anc)
3 - Teemu Hartikainen (MAN)
Power Play
Inferno - 1 on 5 Attempt(s) - 20.00%
Monarchs - 1 on 5 Attempt(s) - 20.00%
Penalty Kill
Inferno - 4 on 5 Attempt(s) - 80.00%
- Score 0 goal in Penalty Kill
Monarchs - 4 on 5 Attempt(s) - 80.00%
- Score 0 goal in Penalty Kill
Team Stat
Inferno - Hits : 15 - Faceoff Wins : 36 - Blocked Shots : 7 - Penalty Minutes : 10
Monarchs - Hits : 17 - Faceoff Wins : 38 - Blocked Shots : 14 - Penalty Minutes : 10
Official
Referees : Unknown
Linesman : Unknown
Game Notes
No Game Note
Finance
Level 1 -- Attendance: 1966 (98.30%) -- Ticket Income $49,150
Level 2 -- Attendance: 1000 (100.00%) -- Ticket Income $10,000
Total Attendance: 2966 (98.87%)
Total Ticket Income: $59,150
Other Income: $2,958
Total Income: $62,108
Inferno
5 vs 5 Forward
Center Left Wing Right Wing Time % Phy DF OF
1 Vladimir Sobotka Tanner Pearson Bryan Rust 40 1 2 2
2 Philip Varone Matthew Nieto Evgeny Svechnikov 30 1 2 2
3 Victor Rask Jake DeBrusk Kevin Labanc 20 1 2 2
4 Ryan Spooner Peter Cehlarik Tyler Shattock 10 1 2 2
5 vs 5 Defense
Defense Defense Time % Phy DF OF
1 David Savard Esa Lindell 40 1 2 2
2 Greg Pateryn Mathieu Brodeur 30 1 2 2
3 Colby Cohen Frank Corrado 20 1 2 2
4 Greg Pateryn Mathieu Brodeur 10 1 2 2
PowerPlay Forward
Center Left Wing Right Wing Time % Phy DF OF
1 Vladimir Sobotka Tanner Pearson Kevin Labanc 60 1 2 2
2 Philip Varone Matthew Nieto Evgeny Svechnikov 40 1 2 2
PowerPlay Defense
Defense Defense Time % Phy DF OF
1 David Savard Esa Lindell 60 1 2 2
2 Greg Pateryn Mathieu Brodeur 40 1 2 2
Penalty Kill 4 Players Forward
Center Wing Time % Phy DF OF
1 Vladimir Sobotka Bryan Rust 60 1 2 2
2 Philip Varone Matthew Nieto 40 1 2 2
Penalty Kill 4 Players Defense
Defense Defense Time % Phy DF OF
1 David Savard Esa Lindell 60 1 2 2
2 Colby Cohen Mathieu Brodeur 40 1 2 2
Penalty Kill - 3 Players Forward
Forward Time % Phy DF OF
1 Vladimir Sobotka 60 1 2 2
2 Bryan Rust 40 1 2 2
Penalty Kill - 3 Players Defense
Defense Defense Time % Phy DF OF
1 David Savard Esa Lindell 60 1 2 2
2 Colby Cohen Mathieu Brodeur 40 1 2 2
4 vs 4 Forward
Center Wing Time % Phy DF OF
1 Vladimir Sobotka Tanner Pearson 60 1 2 2
2 Philip Varone Bryan Rust 40 1 2 2
4 vs 4 Defense
Defense Defense Time % Phy DF OF
1 David Savard Esa Lindell 60 1 2 2
2 Greg Pateryn Mathieu Brodeur 40 1 2 2
Last Minutes Offensive
Center Left Wing Right Wing Defense Defense
Vladimir Sobotka Tanner Pearson Bryan Rust David Savard Esa Lindell
Last Minutes Defensive
Center Left Wing Right Wing Defense Defense
Vladimir Sobotka Tanner Pearson Bryan Rust David Savard Esa Lindell
Goaltenders
Starting : Michael Hutchinson
Backup : Antti Raanta
Extra Forwards
Normal : Victor Rask, Matthew Nieto, Evgeny Svechnikov - PP : Evgeny Svechnikov, Kevin Labanc - PK : Philip Varone
Extra Defensemen
Normal : Greg Pateryn, Colby Cohen, Frank Corrado - PP : Greg Pateryn - PK : Colby Cohen, Frank Corrado
Penalty Shots
Jake DeBrusk, Tanner Pearson, Evgeny Svechnikov, Philip Varone, Matthew Nieto
Scratches
Chris Brown (Healthy), Rasmus Andersson (Healthy), Christian Jaros (Healthy), Trevor Carrick (Healthy), Petteri Lindbohm (Healthy)
Alexander True (Healthy), Eric Karlsson (Healthy), Barclay Goodrow (Left Ankle Injury), John Gilmour (Healthy), Ryan Donato (Healthy)
Vladislav Kamenev (Healthy), Dominik Masin (Healthy), Brandon Hickey (Healthy), Nathan Lieuwen (Healthy), Vitek Vanecek (Healthy)
Monarchs
5 vs 5 Forward
Center Left Wing Right Wing Time % Phy DF OF
1 Riley Armstrong Max Domi Mikko Rantanen 40 1 2 2
2 Daultan Leveillé Alex Iafallo Ryan Hartman 30 1 2 2
3 Henrik Samuelsson Teemu Hartikainen Joel Vermin 20 1 2 2
4 Mike Amadio Jordan Greenway Josh Anderson 10 1 2 2
5 vs 5 Defense
Defense Defense Time % Phy DF OF
1 Josh Manson Nikita Zadorov 40 1 2 2
2 Jeff Petry Griffin Reinhart 30 1 2 2
3 Zach Werenski Kurtis Macdermid 20 1 2 2
4 Matt Roy Josh Manson 10 1 2 2
PowerPlay Forward
Center Left Wing Right Wing Time % Phy DF OF
1 Riley Armstrong Max Domi Mikko Rantanen 60 1 2 2
2 Daultan Leveillé Alex Iafallo Ryan Hartman 40 1 2 2
PowerPlay Defense
Defense Defense Time % Phy DF OF
1 Josh Manson Nikita Zadorov 60 1 2 2
2 Jeff Petry Griffin Reinhart 40 1 2 2
Penalty Kill 4 Players Forward
Center Wing Time % Phy DF OF
1 Riley Armstrong Max Domi 60 1 2 2
2 Daultan Leveillé Mikko Rantanen 40 1 2 2
Penalty Kill 4 Players Defense
Defense Defense Time % Phy DF OF
1 Josh Manson Nikita Zadorov 60 1 2 2
2 Jeff Petry Griffin Reinhart 40 1 2 2
Penalty Kill - 3 Players Forward
Forward Time % Phy DF OF
1 Riley Armstrong 60 1 2 2
2 Max Domi 40 1 2 2
Penalty Kill - 3 Players Defense
Defense Defense Time % Phy DF OF
1 Josh Manson Nikita Zadorov 60 1 2 2
2 Jeff Petry Griffin Reinhart 40 1 2 2
4 vs 4 Forward
Center Wing Time % Phy DF OF
1 Riley Armstrong Max Domi 60 1 2 2
2 Daultan Leveillé Mikko Rantanen 40 1 2 2
4 vs 4 Defense
Defense Defense Time % Phy DF OF
1 Josh Manson Nikita Zadorov 60 1 2 2
2 Jeff Petry Griffin Reinhart 40 1 2 2
Last Minutes Offensive
Center Left Wing Right Wing Defense Defense
Riley Armstrong Max Domi Mikko Rantanen Josh Manson Nikita Zadorov
Last Minutes Defensive
Center Left Wing Right Wing Defense Defense
Riley Armstrong Max Domi Mikko Rantanen Josh Manson Nikita Zadorov
Goaltenders
Starting : Jake Allen
Backup : Elvis Merzlikins
Extra Forwards
Normal : Teemu Hartikainen, Henrik Samuelsson, Mike Amadio - PP : Teemu Hartikainen, Henrik Samuelsson - PK : Mike Amadio
Extra Defensemen
Normal : Zach Werenski, Kurtis Macdermid, Matt Roy - PP : Zach Werenski - PK : Kurtis Macdermid, Matt Roy
Penalty Shots
Riley Armstrong, Max Domi, Daultan Leveillé, Mikko Rantanen, Alex Iafallo
Scratches
Jacob Josefson (Healthy), Jordan Weal (Healthy), Dmitri Orlov (Healthy), Blake Lizotte (Healthy), Bokondji Imama (Healthy)
Derek Forbort (Healthy), Benn Ferriero (Healthy), Cal Petersen (Healthy)
% Time on Ice - Inferno
Lines # - Real PCT - Wanted PCT - Time Play
Normal Forward
1 - 38% - 40% - 15:57
2 - 29% - 30% - 12:22
3 - 19% - 20% - 8:00
4 - 14% - 10% - 5:54
Normal Defense
1 - 41% - 40% - 17:27
2 - 30% - 30% - 12:45
3 - 24% - 20% - 10:19
4 - 4% - 10% - 1:42
PP Forward
1 - 59% - 60% - 5:02
2 - 41% - 40% - 3:32
PP Defense
1 - 61% - 60% - 5:12
2 - 39% - 40% - 3:22
PK Forward
1 - 72% - 60% - 6:02
2 - 28% - 40% - 2:22
PK Defense
1 - 55% - 60% - 4:37
2 - 45% - 40% - 3:47
PK3 Forward
1 - 0% - 60%
2 - 0% - 40%
PK3 Defense
1 - 0% - 60%
2 - 0% - 40%
44 Forward
1 - 100% - 60% - 1:00
2 - 0% - 40% - 0:00
44 Defense
1 - 78% - 60% - 0:47
2 - 22% - 40% - 0:13
Last Minute Offensive - 0:00
Last Minute Defensive - 0:00
Total
Forward - 60:11
Defense - 60:11
|
% Time on Ice - Monarchs
Lines # - Real PCT - Wanted PCT - Time Play
Normal Forward
1 - 36% - 40% - 15:03
2 - 29% - 30% - 12:21
3 - 24% - 20% - 10:06
4 - 11% - 10% - 4:43
Normal Defense
1 - 40% - 40% - 16:53
2 - 28% - 30% - 11:39
3 - 25% - 20% - 10:24
4 - 8% - 10% - 3:17
PP Forward
1 - 35% - 60% - 2:58
2 - 65% - 40% - 5:26
PP Defense
1 - 38% - 60% - 3:11
2 - 62% - 40% - 5:13
PK Forward
1 - 71% - 60% - 6:06
2 - 29% - 40% - 2:28
PK Defense
1 - 60% - 60% - 5:08
2 - 40% - 40% - 3:26
PK3 Forward
1 - 0% - 60%
2 - 0% - 40%
PK3 Defense
1 - 0% - 60%
2 - 0% - 40%
44 Forward
1 - 68% - 60% - 0:41
2 - 32% - 40% - 0:19
44 Defense
1 - 68% - 60% - 0:41
2 - 32% - 40% - 0:19
Last Minute Offensive - 0:00
Last Minute Defensive - 0:00
Total
Forward - 60:11
Defense - 60:11
|
Play-by-Play
1st period
0:01 of 1st period - Vladimir Sobotka wins face-off versus Riley Armstrong in neutral zone.
0:14 of 1st period - Slapshot by Esa Lindell.
0:14 of 1st period - Stopped by Jake Allen without a rebound.
0:15 of 1st period - Alex Iafallo wins face-off versus Philip Varone in Monarchs zone.
0:28 of 1st period - Snap shot by Daultan Leveillé.
0:28 of 1st period - Goal by Daultan Leveillé - Inferno : 0 - Monarchs : 1.
0:29 of 1st period - Henrik Samuelsson wins face-off versus Jake DeBrusk in neutral zone.
0:44 of 1st period - Slapshot by Kevin Labanc.
0:44 of 1st period - Shot Blocked by Teemu Hartikainen.
0:54 of 1st period - Kurtis Macdermid is hit by Frank Corrado.
2:01 of 1st period - Off-side.
2:02 of 1st period - Victor Rask wins face-off versus Mike Amadio in neutral zone.
2:14 of 1st period - Wrist shot by Jordan Greenway.
2:14 of 1st period - Shot Blocked by Greg Pateryn.
2:28 of 1st period - Tanner Pearson is hit by Josh Manson and loses puck.
3:06 of 1st period - Ryan Spooner is hit by Henrik Samuelsson.
4:19 of 1st period - Snap shot by Victor Rask.
4:19 of 1st period - Deflect By Zach Werenski.
4:19 of 1st period - Shot Blocked by Daultan Leveillé.
4:19 of 1st period - Puck is out of play.
4:20 of 1st period - Vladimir Sobotka wins face-off versus Riley Armstrong in Monarchs zone.
5:30 of 1st period - Wrist shot by Peter Cehlarik.
5:30 of 1st period - Shot Misses the Net.
5:32 of 1st period - Slapshot by Frank Corrado.
5:32 of 1st period - Deflect By Ryan Spooner.
5:32 of 1st period - Shot Misses the Net.
5:32 of 1st period - Puck is out of play.
5:33 of 1st period - Ryan Spooner wins face-off versus Riley Armstrong in Monarchs zone.
6:09 of 1st period - Mathieu Brodeur is hit by Daultan Leveillé and loses puck.
6:24 of 1st period - David Savard is hit by Nikita Zadorov and loses puck.
6:35 of 1st period - Slapshot by Henrik Samuelsson.
6:35 of 1st period - Stopped by Michael Hutchinson without a rebound.
6:36 of 1st period - Riley Armstrong wins face-off versus Vladimir Sobotka in Inferno zone.
6:37 of 1st period - Snap shot by Max Domi.
6:37 of 1st period - Stopped by Michael Hutchinson without a rebound.
6:38 of 1st period - Vladimir Sobotka wins face-off versus Riley Armstrong in Inferno zone.
6:43 of 1st period - Snap shot by Tanner Pearson.
6:43 of 1st period - Stopped by Jake Allen with a rebound.
6:45 of 1st period - Slapshot by Vladimir Sobotka.
6:45 of 1st period - Deflect By Tanner Pearson.
6:45 of 1st period - Shot Blocked by Riley Armstrong.
6:45 of 1st period - Puck is out of play.
6:46 of 1st period - Vladimir Sobotka wins face-off versus Riley Armstrong in Monarchs zone.
6:56 of 1st period - Slapshot by Mathieu Brodeur.
6:56 of 1st period - Stopped by Jake Allen without a rebound.
6:57 of 1st period - Vladimir Sobotka wins face-off versus Riley Armstrong in Monarchs zone.
7:29 of 1st period - Matthew Nieto is hit by Alex Iafallo and loses puck.
8:23 of 1st period - Slapshot by Max Domi.
8:23 of 1st period - Shot Misses the Net.
8:31 of 1st period - Slapshot by Riley Armstrong.
8:31 of 1st period - Deflect By Mathieu Brodeur.
8:31 of 1st period - Stopped by Michael Hutchinson with a rebound.
9:55 of 1st period - Slapshot by Tanner Pearson.
9:55 of 1st period - Goal by Tanner Pearson - Inferno : 1 - Monarchs : 1.
9:56 of 1st period - Ryan Hartman wins face-off versus Vladimir Sobotka in neutral zone.
10:01 of 1st period - Snap shot by Daultan Leveillé.
10:01 of 1st period - Stopped by Michael Hutchinson with a rebound.
10:03 of 1st period - Snap shot by Josh Manson.
10:03 of 1st period - Shot Misses the Net.
10:05 of 1st period - Backhand shot by Matt Roy.
10:05 of 1st period - Shot Misses the Net.
10:07 of 1st period - Wrist shot by Alex Iafallo.
10:07 of 1st period - Stopped by Michael Hutchinson with a rebound.
10:09 of 1st period - Snap shot by Daultan Leveillé.
10:09 of 1st period - Shot Misses the Net.
10:11 of 1st period - Snap shot by Matt Roy.
10:11 of 1st period - Deflect By Daultan Leveillé.
10:11 of 1st period - Shot Misses the Net.
10:11 of 1st period - Puck is out of play.
10:12 of 1st period - Philip Varone wins face-off versus Riley Armstrong in Inferno zone.
10:17 of 1st period - Snap shot by Evgeny Svechnikov.
10:17 of 1st period - Shot Blocked by Max Domi.
10:44 of 1st period - Snap shot by Bryan Rust.
10:44 of 1st period - Stopped by Jake Allen without a rebound.
10:45 of 1st period - Vladimir Sobotka wins face-off versus Riley Armstrong in Monarchs zone.
10:50 of 1st period - Snap shot by Tanner Pearson.
10:50 of 1st period - Deflect By Zach Werenski.
10:50 of 1st period - Shot Misses the Net.
10:50 of 1st period - Puck is out of play.
10:51 of 1st period - Riley Armstrong wins face-off versus Vladimir Sobotka in Monarchs zone.
11:04 of 1st period - Slapshot by Mikko Rantanen.
11:04 of 1st period - Shot Misses the Net.
11:20 of 1st period - Snap shot by Matthew Nieto.
11:20 of 1st period - Shot Misses the Net.
11:37 of 1st period - Off-side.
11:38 of 1st period - Victor Rask wins face-off versus Henrik Samuelsson in neutral zone.
11:43 of 1st period - Slapshot by Kevin Labanc.
11:43 of 1st period - Shot Misses the Net.
12:03 of 1st period - Bryan Rust is hit by Riley Armstrong and loses puck.
12:48 of 1st period - Slapshot by Zach Werenski.
12:48 of 1st period - Deflect By Esa Lindell.
12:48 of 1st period - Stopped by Michael Hutchinson with a rebound.
13:08 of 1st period - Teemu Hartikainen is hit by Jake DeBrusk.
13:30 of 1st period - Snap shot by Mikko Rantanen.
13:30 of 1st period - Stopped by Michael Hutchinson without a rebound.
13:31 of 1st period - Vladimir Sobotka wins face-off versus Riley Armstrong in Inferno zone.
14:07 of 1st period - Snap shot by Mikko Rantanen.
14:07 of 1st period - Stopped by Michael Hutchinson with a rebound.
14:09 of 1st period - Snap shot by Max Domi.
14:09 of 1st period - Shot Blocked by Tanner Pearson.
14:11 of 1st period - Backhand shot by Riley Armstrong.
14:11 of 1st period - Shot Misses the Net.
14:49 of 1st period - Wrist shot by Tanner Pearson.
14:49 of 1st period - Stopped by Jake Allen with a rebound.
15:05 of 1st period - Nikita Zadorov is hit by Tanner Pearson.
15:41 of 1st period - Slapshot by Tanner Pearson.
15:41 of 1st period - Shot Misses the Net.
16:03 of 1st period - Wrist shot by Tanner Pearson.
16:03 of 1st period - Stopped by Jake Allen with a rebound.
17:20 of 1st period - Snap shot by Vladimir Sobotka.
17:20 of 1st period - Deflect By Bryan Rust.
17:20 of 1st period - Shot Misses the Net.
17:20 of 1st period - Puck is out of play.
17:21 of 1st period - Philip Varone wins face-off versus Daultan Leveillé in Monarchs zone.
17:22 of 1st period - Backhand shot by Matthew Nieto.
17:22 of 1st period - Goal by Matthew Nieto - Inferno : 2 - Monarchs : 1.
17:23 of 1st period - Daultan Leveillé wins face-off versus Philip Varone in neutral zone.
18:01 of 1st period - Slapshot by Zach Werenski.
18:01 of 1st period - Stopped by Michael Hutchinson with a rebound.
18:11 of 1st period - Minor Penalty to Evgeny Svechnikov for Hooking.
18:12 of 1st period - Daultan Leveillé wins face-off versus Philip Varone in Inferno zone.
18:41 of 1st period - Ryan Hartman is hit by David Savard and loses puck.
19:11 of 1st period - Jake DeBrusk is hit by Teemu Hartikainen.
Goals for this period are 2 for Inferno vs 1 for Monarchs .
Shots for this period are 8 for Inferno vs 10 for Monarchs .
2nd period
0:01 of 2nd period - Vladimir Sobotka wins face-off versus Riley Armstrong in neutral zone.
0:11 of 2nd period - Penalty to Evgeny Svechnikov is over, Evgeny Svechnikov is back on ice.
0:20 of 2nd period - Bryan Rust is hit by Josh Manson and loses puck.
0:33 of 2nd period - Wrist shot by Teemu Hartikainen.
0:33 of 2nd period - Shot Blocked by Vladimir Sobotka.
0:35 of 2nd period - Slapshot by Nikita Zadorov.
0:35 of 2nd period - Stopped by Michael Hutchinson without a rebound.
0:36 of 2nd period - Joel Vermin wins face-off versus Victor Rask in Inferno zone.
0:37 of 2nd period - Slapshot by Teemu Hartikainen.
0:37 of 2nd period - Stopped by Michael Hutchinson without a rebound.
0:38 of 2nd period - Henrik Samuelsson wins face-off versus Victor Rask in Inferno zone.
0:41 of 2nd period - Wrist shot by Teemu Hartikainen.
0:41 of 2nd period - Goal by Teemu Hartikainen - Inferno : 2 - Monarchs : 2.
0:42 of 2nd period - Daultan Leveillé wins face-off versus Philip Varone in neutral zone.
0:53 of 2nd period - Slapshot by Matthew Nieto.
0:53 of 2nd period - Stopped by Jake Allen without a rebound.
0:54 of 2nd period - Philip Varone wins face-off versus Daultan Leveillé in Monarchs zone.
1:19 of 2nd period - Slapshot by Teemu Hartikainen.
1:19 of 2nd period - Stopped by Michael Hutchinson with a rebound.
1:51 of 2nd period - Wrist shot by Vladimir Sobotka.
1:51 of 2nd period - Shot Misses the Net.
1:53 of 2nd period - Slapshot by Greg Pateryn.
1:53 of 2nd period - Stopped by Jake Allen with a rebound.
2:14 of 2nd period - Minor Penalty to Mathieu Brodeur for Diving.
2:15 of 2nd period - Riley Armstrong wins face-off versus Vladimir Sobotka in Inferno zone.
2:16 of 2nd period - Slapshot by Max Domi.
2:16 of 2nd period - Deflect By David Savard.
2:16 of 2nd period - Stopped by Michael Hutchinson with a rebound.
2:18 of 2nd period - Slapshot by Griffin Reinhart.
2:18 of 2nd period - Shot Misses the Net.
2:20 of 2nd period - Slapshot by Jeff Petry.
2:20 of 2nd period - Shot Blocked by Esa Lindell.
3:02 of 2nd period - Josh Manson is hit by Vladimir Sobotka and loses puck.
3:23 of 2nd period - Slapshot by Alex Iafallo.
3:23 of 2nd period - Deflect By Daultan Leveillé.
3:23 of 2nd period - Shot Blocked by Colby Cohen.
3:23 of 2nd period - Puck is out of play.
3:24 of 2nd period - Mikko Rantanen wins face-off versus Vladimir Sobotka in Inferno zone.
3:31 of 2nd period - Slapshot by Riley Armstrong.
3:31 of 2nd period - Goal by Riley Armstrong - Inferno : 2 - Monarchs : 3.
3:32 of 2nd period - Henrik Samuelsson wins face-off versus Philip Varone in neutral zone.
4:02 of 2nd period - Wrist shot by Daultan Leveillé.
4:02 of 2nd period - Stopped by Michael Hutchinson with a rebound.
4:04 of 2nd period - Slapshot by Ryan Hartman.
4:04 of 2nd period - Shot Hit the Post.
4:06 of 2nd period - Wrist shot by Alex Iafallo.
4:06 of 2nd period - Shot Misses the Net.
4:24 of 2nd period - Tanner Pearson is hit by Kurtis Macdermid and loses puck.
4:47 of 2nd period - Griffin Reinhart is hit by Tyler Shattock and loses puck.
5:04 of 2nd period - Jeff Petry is hit by Philip Varone and loses puck.
5:11 of 2nd period - Wrist shot by Philip Varone.
5:11 of 2nd period - Shot Blocked by Henrik Samuelsson.
5:13 of 2nd period - Snap shot by Esa Lindell.
5:13 of 2nd period - Deflect By Henrik Samuelsson.
5:13 of 2nd period - Stopped by Jake Allen without a rebound.
5:14 of 2nd period - Kevin Labanc wins face-off versus Daultan Leveillé in Monarchs zone.
5:27 of 2nd period - Snap shot by Kevin Labanc.
5:27 of 2nd period - Deflect By Victor Rask.
5:27 of 2nd period - Stopped by Jake Allen with a rebound.
5:29 of 2nd period - Wrist shot by Jake DeBrusk.
5:29 of 2nd period - Stopped by Jake Allen without a rebound.
5:30 of 2nd period - Riley Armstrong wins face-off versus Philip Varone in Monarchs zone.
7:05 of 2nd period - Snap shot by Mike Amadio.
7:05 of 2nd period - Shot Misses the Net.
7:07 of 2nd period - Snap shot by Zach Werenski.
7:07 of 2nd period - Shot Misses the Net.
7:09 of 2nd period - Wrist shot by Jordan Greenway.
7:09 of 2nd period - Stopped by Michael Hutchinson with a rebound.
7:23 of 2nd period - Wrist shot by Alex Iafallo.
7:23 of 2nd period - Stopped by Michael Hutchinson without a rebound.
7:24 of 2nd period - Victor Rask wins face-off versus Daultan Leveillé in Inferno zone.
7:49 of 2nd period - Victor Rask is hit by Teemu Hartikainen and loses puck.
7:54 of 2nd period - Snap shot by Henrik Samuelsson.
7:54 of 2nd period - Stopped by Michael Hutchinson with a rebound.
7:59 of 2nd period - Icing by David Savard.
8:00 of 2nd period - Victor Rask wins face-off versus Daultan Leveillé in Inferno zone.
8:12 of 2nd period - Backhand shot by Alex Iafallo.
8:12 of 2nd period - Shot Misses the Net.
8:24 of 2nd period - Backhand shot by Kevin Labanc.
8:24 of 2nd period - Stopped by Jake Allen without a rebound.
8:25 of 2nd period - Riley Armstrong wins face-off versus Philip Varone in Monarchs zone.
8:25 of 2nd period - Riley Armstrong is hit by Philip Varone.
8:53 of 2nd period - Icing by Ryan Hartman.
8:54 of 2nd period - Daultan Leveillé wins face-off versus Vladimir Sobotka in Monarchs zone.
9:05 of 2nd period - Backhand shot by Tanner Pearson.
9:05 of 2nd period - Shot Misses the Net.
9:07 of 2nd period - Snap shot by Tanner Pearson.
9:07 of 2nd period - Stopped by Jake Allen without a rebound.
9:08 of 2nd period - Philip Varone wins face-off versus Riley Armstrong in Monarchs zone.
9:15 of 2nd period - Wrist shot by Philip Varone.
9:15 of 2nd period - Shot Misses the Net.
9:17 of 2nd period - Snap shot by Mathieu Brodeur.
9:17 of 2nd period - Shot Misses the Net.
9:19 of 2nd period - Wrist shot by Evgeny Svechnikov.
9:19 of 2nd period - Shot Blocked by Jeff Petry.
9:21 of 2nd period - Backhand shot by Evgeny Svechnikov.
9:21 of 2nd period - Shot Misses the Net.
9:23 of 2nd period - Snap shot by Philip Varone.
9:23 of 2nd period - Stopped by Jake Allen without a rebound.
9:24 of 2nd period - Vladimir Sobotka wins face-off versus Daultan Leveillé in Monarchs zone.
9:25 of 2nd period - Snap shot by Bryan Rust.
9:25 of 2nd period - Shot Blocked by Josh Manson.
9:27 of 2nd period - Slapshot by David Savard.
9:27 of 2nd period - Stopped by Jake Allen with a rebound.
9:29 of 2nd period - Slapshot by Tanner Pearson.
9:29 of 2nd period - Stopped by Jake Allen without a rebound.
9:30 of 2nd period - Matthew Nieto wins face-off versus Daultan Leveillé in Monarchs zone.
9:34 of 2nd period - Double Minor Penalty to Josh Manson for Roughing.
9:35 of 2nd period - Riley Armstrong wins face-off versus Vladimir Sobotka in Monarchs zone.
9:49 of 2nd period - Snap shot by Riley Armstrong.
9:49 of 2nd period - Stopped by Michael Hutchinson without a rebound.
9:50 of 2nd period - Riley Armstrong wins face-off versus Vladimir Sobotka in Inferno zone.
10:23 of 2nd period - Slapshot by Esa Lindell.
10:23 of 2nd period - Stopped by Jake Allen with a rebound.
10:25 of 2nd period - Slapshot by David Savard.
10:25 of 2nd period - Stopped by Jake Allen with a rebound.
10:39 of 2nd period - Icing by Tanner Pearson.
10:40 of 2nd period - Vladimir Sobotka wins face-off versus Daultan Leveillé in Inferno zone.
10:49 of 2nd period - Snap shot by Mikko Rantanen.
10:49 of 2nd period - Stopped by Michael Hutchinson without a rebound.
10:50 of 2nd period - Philip Varone wins face-off versus Max Domi in Inferno zone.
10:57 of 2nd period - Backhand shot by Esa Lindell.
10:57 of 2nd period - Stopped by Jake Allen with a rebound.
10:59 of 2nd period - Snap shot by Philip Varone.
10:59 of 2nd period - Shot Misses the Net.
11:01 of 2nd period - Snap shot by Philip Varone.
11:01 of 2nd period - Goal by Philip Varone - Inferno : 3 - Monarchs : 3.
11:02 of 2nd period - Vladimir Sobotka wins face-off versus Riley Armstrong in neutral zone.
11:11 of 2nd period - Snap shot by Vladimir Sobotka.
11:11 of 2nd period - Shot Misses the Net.
11:17 of 2nd period - Snap shot by Esa Lindell.
11:17 of 2nd period - Shot Blocked by Kurtis Macdermid.
13:01 of 2nd period - Penalty to Josh Manson is over, Josh Manson is back on ice.
13:15 of 2nd period - Backhand shot by Peter Cehlarik.
13:15 of 2nd period - Stopped by Jake Allen without a rebound.
13:16 of 2nd period - Henrik Samuelsson wins face-off versus Victor Rask in Monarchs zone.
13:35 of 2nd period - Minor Penalty to Matt Roy for Hooking.
13:36 of 2nd period - Riley Armstrong wins face-off versus Vladimir Sobotka in Monarchs zone.
14:07 of 2nd period - Evgeny Svechnikov is hit by Riley Armstrong and loses puck.
14:45 of 2nd period - Minor Penalty to Matthew Nieto for Hooking.
14:46 of 2nd period - Vladimir Sobotka wins face-off versus Riley Armstrong in Inferno zone.
14:53 of 2nd period - Wrist shot by Vladimir Sobotka.
14:53 of 2nd period - Shot Misses the Net.
15:19 of 2nd period - Slapshot by Josh Manson.
15:19 of 2nd period - Shot Hit the Post.
15:21 of 2nd period - Snap shot by Jeff Petry.
15:21 of 2nd period - Stopped by Michael Hutchinson without a rebound.
15:22 of 2nd period - Daultan Leveillé wins face-off versus Vladimir Sobotka in Inferno zone.
15:25 of 2nd period - Slapshot by Griffin Reinhart.
15:25 of 2nd period - Shot Misses the Net.
15:35 of 2nd period - Penalty to Matt Roy is over, Matt Roy is back on ice.
16:03 of 2nd period - Snap shot by Daultan Leveillé.
16:03 of 2nd period - Shot Misses the Net.
16:45 of 2nd period - Penalty to Matthew Nieto is over, Matthew Nieto is back on ice.
17:11 of 2nd period - Wrist shot by Victor Rask.
17:11 of 2nd period - Stopped by Jake Allen without a rebound.
17:12 of 2nd period - Ryan Spooner wins face-off versus Henrik Samuelsson in Monarchs zone.
17:13 of 2nd period - Slapshot by Esa Lindell.
17:13 of 2nd period - Deflect By Ryan Spooner.
17:13 of 2nd period - Stopped by Jake Allen with a rebound.
17:21 of 2nd period - Wrist shot by Teemu Hartikainen.
17:21 of 2nd period - Stopped by Michael Hutchinson with a rebound.
17:23 of 2nd period - Slapshot by Josh Manson.
17:23 of 2nd period - Shot Misses the Net.
17:25 of 2nd period - Slapshot by Josh Manson.
17:25 of 2nd period - Stopped by Michael Hutchinson without a rebound.
17:26 of 2nd period - Mike Amadio wins face-off versus Philip Varone in Inferno zone.
17:55 of 2nd period - Slapshot by Vladimir Sobotka.
17:55 of 2nd period - Stopped by Jake Allen with a rebound.
17:57 of 2nd period - Slapshot by Bryan Rust.
17:57 of 2nd period - Stopped by Jake Allen with a rebound.
17:59 of 2nd period - Slapshot by Greg Pateryn.
17:59 of 2nd period - Stopped by Jake Allen without a rebound.
18:00 of 2nd period - Riley Armstrong wins face-off versus Vladimir Sobotka in Monarchs zone.
18:17 of 2nd period - Slapshot by David Savard.
18:17 of 2nd period - Shot Blocked by Mikko Rantanen.
18:32 of 2nd period - Icing by Evgeny Svechnikov.
18:33 of 2nd period - Daultan Leveillé wins face-off versus Philip Varone in Inferno zone.
18:46 of 2nd period - Snap shot by Alex Iafallo.
18:46 of 2nd period - Deflect By Ryan Hartman.
18:46 of 2nd period - Shot Misses the Net.
18:46 of 2nd period - Puck is out of play.
18:47 of 2nd period - Riley Armstrong wins face-off versus Vladimir Sobotka in Inferno zone.
18:52 of 2nd period - Snap shot by Max Domi.
18:52 of 2nd period - Stopped by Michael Hutchinson with a rebound.
19:41 of 2nd period - Snap shot by Henrik Samuelsson.
19:41 of 2nd period - Shot Misses the Net.
19:43 of 2nd period - Slapshot by Griffin Reinhart.
19:43 of 2nd period - Shot Blocked by Mathieu Brodeur.
19:54 of 2nd period - Minor Penalty to Greg Pateryn for Holding Stick.
19:55 of 2nd period - Max Domi wins face-off versus Vladimir Sobotka in Inferno zone.
Goals for this period are 1 for Inferno vs 2 for Monarchs .
Shots for this period are 20 for Inferno vs 16 for Monarchs .
3rd period
0:01 of 3rd period - Vladimir Sobotka wins face-off versus Riley Armstrong in neutral zone.
0:04 of 3rd period - Nikita Zadorov is hit by Vladimir Sobotka and loses puck.
0:44 of 3rd period - Off-side.
0:45 of 3rd period - Max Domi wins face-off versus Philip Varone in neutral zone.
1:19 of 3rd period - Wrist shot by Philip Varone.
1:19 of 3rd period - Stopped by Jake Allen with a rebound.
1:54 of 3rd period - Penalty to Greg Pateryn is over, Greg Pateryn is back on ice.
2:17 of 3rd period - Off-side.
2:18 of 3rd period - Daultan Leveillé wins face-off versus Ryan Spooner in neutral zone.
2:23 of 3rd period - Wrist shot by Alex Iafallo.
2:23 of 3rd period - Shot Blocked by Colby Cohen.
2:54 of 3rd period - Teemu Hartikainen is hit by Vladimir Sobotka and loses puck.
3:07 of 3rd period - Max Domi is hit by Victor Rask and loses puck.
3:15 of 3rd period - Slapshot by Josh Manson.
3:15 of 3rd period - Stopped by Michael Hutchinson without a rebound.
3:16 of 3rd period - Philip Varone wins face-off versus Daultan Leveillé in Inferno zone.
3:51 of 3rd period - Snap shot by Tanner Pearson.
3:51 of 3rd period - Stopped by Jake Allen with a rebound.
3:53 of 3rd period - Snap shot by Vladimir Sobotka.
3:53 of 3rd period - Stopped by Jake Allen without a rebound.
3:54 of 3rd period - Jake DeBrusk wins face-off versus Henrik Samuelsson in Monarchs zone.
3:57 of 3rd period - Snap shot by Victor Rask.
3:57 of 3rd period - Shot Misses the Net.
3:59 of 3rd period - Wrist shot by Victor Rask.
3:59 of 3rd period - Shot Misses the Net.
4:01 of 3rd period - Snap shot by Greg Pateryn.
4:01 of 3rd period - Deflect By Jake DeBrusk.
4:01 of 3rd period - Stopped by Jake Allen with a rebound.
4:03 of 3rd period - Snap shot by Victor Rask.
4:03 of 3rd period - Shot Blocked by Jeff Petry.
4:05 of 3rd period - Slapshot by Kevin Labanc.
4:05 of 3rd period - Shot Blocked by Griffin Reinhart.
4:07 of 3rd period - Snap shot by Kevin Labanc.
4:07 of 3rd period - Shot Misses the Net.
4:09 of 3rd period - Slapshot by Jake DeBrusk.
4:09 of 3rd period - Shot Misses the Net.
4:15 of 3rd period - Minor Penalty to Joel Vermin for Tripping.
4:16 of 3rd period - Riley Armstrong wins face-off versus Vladimir Sobotka in Monarchs zone.
4:27 of 3rd period - Wrist shot by Kevin Labanc.
4:27 of 3rd period - Deflect By Tanner Pearson.
4:27 of 3rd period - Stopped by Jake Allen without a rebound.
4:28 of 3rd period - Riley Armstrong wins face-off versus Vladimir Sobotka in Monarchs zone.
4:57 of 3rd period - Icing by Matthew Nieto.
4:58 of 3rd period - Mikko Rantanen wins face-off versus Philip Varone in Inferno zone.
5:30 of 3rd period - Tanner Pearson is hit by Griffin Reinhart and loses puck.
6:15 of 3rd period - Penalty to Joel Vermin is over, Joel Vermin is back on ice.
6:51 of 3rd period - Wrist shot by Joel Vermin.
6:51 of 3rd period - Shot Misses the Net.
6:53 of 3rd period - Slapshot by Josh Manson.
6:53 of 3rd period - Stopped by Michael Hutchinson without a rebound.
6:54 of 3rd period - Philip Varone wins face-off versus Daultan Leveillé in Inferno zone.
7:45 of 3rd period - Wrist shot by Kevin Labanc.
7:45 of 3rd period - Stopped by Jake Allen without a rebound.
7:46 of 3rd period - Victor Rask wins face-off versus Daultan Leveillé in Monarchs zone.
8:31 of 3rd period - Slapshot by Alex Iafallo.
8:31 of 3rd period - Shot Misses the Net.
8:33 of 3rd period - Snap shot by Alex Iafallo.
8:33 of 3rd period - Stopped by Michael Hutchinson without a rebound.
8:34 of 3rd period - Vladimir Sobotka wins face-off versus Riley Armstrong in Inferno zone.
8:41 of 3rd period - Backhand shot by David Savard.
8:41 of 3rd period - Stopped by Jake Allen without a rebound.
8:42 of 3rd period - Vladimir Sobotka wins face-off versus Riley Armstrong in Monarchs zone.
8:49 of 3rd period - Snap shot by Vladimir Sobotka.
8:49 of 3rd period - Stopped by Jake Allen without a rebound.
8:50 of 3rd period - Philip Varone wins face-off versus Riley Armstrong in Monarchs zone.
8:51 of 3rd period - Slapshot by Esa Lindell.
8:51 of 3rd period - Shot Blocked by Riley Armstrong.
8:53 of 3rd period - Wrist shot by Matthew Nieto.
8:53 of 3rd period - Stopped by Jake Allen without a rebound.
8:54 of 3rd period - Philip Varone wins face-off versus Riley Armstrong in Monarchs zone.
8:55 of 3rd period - Snap shot by Matthew Nieto.
8:55 of 3rd period - Stopped by Jake Allen without a rebound.
8:56 of 3rd period - Philip Varone wins face-off versus Riley Armstrong in Monarchs zone.
9:12 of 3rd period - Esa Lindell is hit by Nikita Zadorov and loses puck.
9:41 of 3rd period - Minor Penalty to Alex Iafallo for Hooking.
9:42 of 3rd period - Vladimir Sobotka wins face-off versus Riley Armstrong in Monarchs zone.
9:45 of 3rd period - Slapshot by Kevin Labanc.
9:45 of 3rd period - Deflect By Vladimir Sobotka.
9:45 of 3rd period - Stopped by Jake Allen without a rebound.
9:46 of 3rd period - Riley Armstrong wins face-off versus Vladimir Sobotka in Monarchs zone.
9:57 of 3rd period - Slapshot by Tanner Pearson.
9:57 of 3rd period - Stopped by Jake Allen with a rebound.
9:59 of 3rd period - Wrist shot by Kevin Labanc.
9:59 of 3rd period - Shot Blocked by Griffin Reinhart.
10:01 of 3rd period - Slapshot by Kevin Labanc.
10:01 of 3rd period - Shot Misses the Net.
10:18 of 3rd period - Off-side.
10:19 of 3rd period - Daultan Leveillé wins face-off versus Vladimir Sobotka in neutral zone.
10:52 of 3rd period - Matthew Nieto is hit by Nikita Zadorov and loses puck.
11:41 of 3rd period - Penalty to Alex Iafallo is over, Alex Iafallo is back on ice.
11:58 of 3rd period - Off-side.
11:59 of 3rd period - Daultan Leveillé wins face-off versus Ryan Spooner in neutral zone.
12:29 of 3rd period - Zach Werenski is hit by Philip Varone and loses puck.
12:49 of 3rd period - Matthew Nieto is hit by Joel Vermin and loses puck.
12:58 of 3rd period - Henrik Samuelsson is hit by Esa Lindell and loses puck.
14:21 of 3rd period - Slapshot by Teemu Hartikainen.
14:21 of 3rd period - Shot Misses the Net.
14:29 of 3rd period - Zach Werenski is hit by Evgeny Svechnikov.
14:35 of 3rd period - Slapshot by Matthew Nieto.
14:35 of 3rd period - Stopped by Jake Allen with a rebound.
14:37 of 3rd period - Wrist shot by Evgeny Svechnikov.
14:37 of 3rd period - Shot Hit the Post.
14:39 of 3rd period - Wrist shot by Evgeny Svechnikov.
14:39 of 3rd period - Shot Blocked by Zach Werenski.
14:41 of 3rd period - Slapshot by David Savard.
14:41 of 3rd period - Stopped by Jake Allen without a rebound.
14:42 of 3rd period - Riley Armstrong wins face-off versus Vladimir Sobotka in Monarchs zone.
14:59 of 3rd period - Snap shot by Tanner Pearson.
14:59 of 3rd period - Stopped by Jake Allen with a rebound.
15:09 of 3rd period - Mathieu Brodeur is hit by Josh Anderson and loses puck.
15:37 of 3rd period - Minor Penalty to Ryan Spooner for Elbowing.
15:38 of 3rd period - Riley Armstrong wins face-off versus Vladimir Sobotka in Inferno zone.
17:37 of 3rd period - Penalty to Ryan Spooner is over, Ryan Spooner is back on ice.
17:52 of 3rd period - Ryan Spooner is hit by Jordan Greenway and loses puck.
18:21 of 3rd period - Mikko Rantanen is hit by Esa Lindell and loses puck.
Goals for this period are 0 for Inferno vs 0 for Monarchs .
Shots for this period are 15 for Inferno vs 3 for Monarchs .
Overtime #1
0:01 of 1st overtime period - Riley Armstrong wins face-off versus Vladimir Sobotka in neutral zone.
0:03 of 1st overtime period - Off-side.
0:04 of 1st overtime period - Riley Armstrong wins face-off versus Vladimir Sobotka in neutral zone.
0:11 of 1st overtime period - Wrist shot by Riley Armstrong.
0:11 of 1st overtime period - Goal by Riley Armstrong - Inferno : 3 - Monarchs : 4.
Goals for this period are 0 for Inferno vs 1 for Monarchs .
Shots for this period are 0 for Inferno vs 1 for Monarchs .
Output by the SimonT Hockey Simulator (STHS) for Francois Prevost